 Dungeon Crawl Stone Soup version 0.18-a0-1649-g8d9735b (webtiles) character file.

97 namelastname112 the Slasher (level 4, -1/40 HPs)
             Began as a Draconian Chaos Knight on Mar 29, 2016.
             Slain by a kobold (shapeshifter) (4 damage)
             ... led by Robin
             ... on level 2 of the Dungeon.
             The game lasted 00:01:46 (1028 turns).

namelastname112 the Slasher (DrCK)                  Turns: 1028, Time: 00:01:47

Health: -1/40      AC:  5    Str: 14    XL:     4   Next: 42%
Magic:  4/4        EV: 18    Int: 18    God:    Xom [.*....]
Gold:   20         SH:  0    Dex: 16    Spells: 0 memorised, 3 levels left

rFire  . . .     SeeInvis .     a - +0 falchion (chaos)
rCold  . . .     Gourm    .     (armour unavailable)
rNeg   . . .     Faith    .     (no shield)
rPois  .         Spirit   .     (helmet restricted)
rElec  .         Dismiss  .     (no cloak)
rCorr  .         Reflect  .     (no gloves)
SustAt .         Harm     .     (no boots)
MR     .....                    (no amulet)
Stlth  ++........               (no ring)
                                (no ring)

@: brilliant, agile, flying, not resistant to hostile enchantments, unstealthy
A: unfitting armour, cold-blooded, AC +5
a: Renounce Religion


You were on level 2 of the Dungeon.
You worshipped Xom.
You were a plaything of Xom.
You were hungry.

You visited 1 branch of the dungeon, and saw 2 of its levels.

You collected 20 gold pieces.

Inventory:

Hand Weapons
 a - a +0 falchion of chaos (weapon)
Scrolls
 c - 2 scrolls of remove curse {unknown}
 e - a scroll of fog {unknown}
 f - a scroll of identify {unknown}
 g - a scroll of magic mapping {unknown}
 h - a scroll of blinking {unknown}
 i - a scroll of teleportation {unknown}
Potions
 d - a potion of flight
 k - a potion of agility
Comestibles
 b - a bread ration


   Skills:
 + Level 4.1 Fighting
 * Level 4.2 Long Blades
 + Level 2.9 Dodging


You had 3 spell levels left.
You didn't know any spells.

Dungeon Overview and Level Annotations

Branches:
Dungeon (2/15)

Altars:

Annotations:
D:2 Robin


Innate Abilities, Weirdness & Mutations

Your plain brown scales are hard (AC +5).
Your body does not fit into most forms of armour.
You are cold-blooded and may be slowed by cold attacks.


Message History

You hit the hobgoblin. You freeze the hobgoblin.
You kill the hobgoblin!
The ball python falls off the wall.
The dart slug changes into a ball python!
You hit the goblin. You burn the goblin.
You kill the goblin!
The ball python changes into a kobold!
You hit the goblin. You burn the goblin.
The goblin is heavily wounded.
Robin roars a battlecry!
The goblin goes into a battle-frenzy!
The goblin closely misses you. The kobold completely misses you.
You completely miss the goblin.
The goblin is heavily wounded.
The goblin completely misses you. The kobold hits you.
* * * LOW HITPOINT WARNING * * *
You barely miss the goblin.
The goblin is heavily wounded.
The goblin misses you. The kobold hits you.
You die... ### #####@# #gggKg#

## #.###g....# #.#
#...#.#
#######.####..#+##
#....##.)(.).....#
######....#######.....#
..........# .....#
<.s.......# ....#


You could see Robin, 4 goblins and a kobold shaped shifter.

Vanquished Creatures
  Ijyb (D:2)
  2 adders (D:2)
  A giant gecko (D:1)
  5 bats
  3 giant cockroaches
  7 goblins
  12 hobgoblins
  3 jackals (D:1)
  A giant newt (D:1)
  6 kobolds
  6 rats
47 creatures vanquished.

Notes
Turn   | Place    | Note
--------------------------------------------------------------
     0 | D:1      | namelastname112 the Draconian Chaos Knight began the quest for the Orb.
     0 | D:1      | Reached XP level 1. HP: 19/19 MP: 1/1
    87 | D:1      | Reached XP level 2. HP: 26/26 MP: 2/2
   214 | D:1      | XOM is BORED!
   214 | D:1      | XOM: silly message
   222 | D:1      | XOM: harmless Tloc miscast
   232 | D:1      | XOM: harmless Hex miscast
   233 | D:1      | XOM: silly message
   359 | D:1      | XOM: noise
   444 | D:1      | Reached XP level 3. HP: 29/33 MP: 3/3
   834 | D:2      | Found a faded altar to an unknown god.
   904 | D:2      | Noticed Ijyb
   913 | D:2      | Killed Ijyb
   913 | D:2      | Reached XP level 4. HP: 39/40 MP: 4/4
   992 | D:2      | XOM: 4-stop teleportation journey
   994 | D:2      | Noticed Robin
   996 | D:2      | XOM: medium Trmt miscast
  1001 | D:2      | XOM: cast spell 'Chain of Chaos'
  1020 | D:2      | XOM: polymorph hobgoblin -> giant cockroach
  1028 | D:2      | Slain by a kobold (shapeshifter)

Vault maps used:
D:1:      minmay_arrival_hallway, st_stairs_8, kennysheep_minor_cross
D:2:      ecumenical_altar_1, uniq_iyjb, uniq_robin

Skill      XL: |  1  2  3  4 |
---------------+-------------+-----
Long Blades    | 4 |  4.2
Fighting       | 4 |  4.1
Dodging        | |  2.9

Action                   |  1- 3 |  4- 6 || total
-------------------------+-------+-------++-------
Melee: Falchion          |   112 |    22 ||   134
  Use: Potion            |       |     3 ||     3
